 Dungeon Crawl Stone Soup version 0.26-a0-812-g31a745ddcd (webtiles) character file.

Game seed: 1625949510749146647

30487 night the Arsonist (level 13, -1/103 HPs)
             Began as a Demonspawn Venom Mage on Dec 9, 2020.
             Was an Initiate of Gozag.
             Slain by a four-headed hydra (13 damage)
             ... on level 4 of the Lair of Beasts on Dec 10, 2020.
             The game lasted 01:16:21 (19811 turns).

night the Arsonist (Demonspawn Venom Mage)         Turns: 19811, Time: 01:16:22

Health: -1/103     AC: 40    Str:  8    XL:     13   Next: 20%
Magic:  17/27      EV: 13    Int: 20    God:    Gozag
Gold:   951        SH:  5    Dex: 16    Spells: 8/32 levels left

rFire    . . .     SeeInvis .   o - +0 dagger (protect)
rCold    + . .     Faith    .   L - +0 buckler
rNeg     . . .     Spirit   .   y - +3 leather armour
rPois    .         Reflect  .   B - +2 helmet
rElec    .         Harm     .   R - +1 cloak
rCorr    .         Rampage  .   c - +2 pair of gloves
MR       .....                  e - +2 pair of boots
Stlth    ++........             (no amulet)
HPRegen  0.27/turn              K - +4 ring of protection
MPRegen  0.20/turn              W - ring of protection from cold

@: sanguine armour, protection aura
A: claws 1, powered by death 2, powered by pain 2, sanguine armour 3
a: Potion Petition, Call Merchant, Bribe Branch, Renounce Religion


You were on level 4 of the Lair of Beasts.
You worshipped Gozag.
Gozag was pleased with you.
You visited 2 branches of the dungeon, and saw 19 of its levels.

You collected 3916 gold pieces.
You spent 1805 gold pieces at shops.
You paid 1160 gold pieces to Gozag.

Inventory:

Hand Weapons
 d - a +0 dagger
 f - a +1 dagger of venom
 g - a +0 triple sword
 j - a +0 hunting sling
 n - a +0 vampiric spear
 o - a +0 dagger of protection (weapon)
 C - a +2 demon blade of freezing
 G - a +2 broad axe of electrocution
Missiles
 b - 4 atropa-tipped darts
 l - 57 poisoned darts
 m - 3 curare-tipped darts
 q - 2 throwing nets
 I - 11 boomerangs (quivered)
Armour
 c - a +2 pair of gloves (worn)
 e - a +2 pair of boots (worn)
 y - a +3 leather armour (worn)
 B - a +2 helmet (worn)
 L - a +0 buckler (worn)
 P - the +1 scale mail of Dithmenos's Envy {+Inv}
   (You found it on level 13 of the Dungeon)

   It lets you turn invisible.
 R - a +1 cloak (worn)
Jewellery
 p - an uncursed ring of ice
 K - a +4 ring of protection (left hand)
 N - a +6 ring of dexterity
 W - a ring of protection from cold (right hand)
Wands
 a - a wand of random effects (62)
 w - a wand of paralysis (32)
 H - a wand of acid (1)
 J - a wand of polymorph (16)
 O - a wand of disintegration (7)
 S - a wand of flame (17)
 U - a wand of enslavement (6)
Scrolls
 k - 7 scrolls of amnesia
 r - 4 scrolls of enchant armour
 s - 5 scrolls of teleportation
 z - 2 scrolls of enchant weapon
 D - 4 scrolls of identify
 M - 9 scrolls of remove curse
 Q - 3 scrolls of magic mapping
 Y - 2 scrolls of fear
 Z - 3 scrolls of fog
Potions
 h - 3 potions of magic
 i - 4 potions of brilliance
 t - 4 potions of lignification
 u - 6 potions of haste
 v - 2 potions of ambrosia
 x - 3 potions of heal wounds
 A - 13 potions of curing
 E - 3 potions of resistance
 F - 2 potions of might
 T - a potion of mutation
 V - 2 potions of attraction
 X - a potion of flight


   Skills:
 - Level 9.9 Fighting
 - Level 4.7 Long Blades
 - Level 3.1 Dodging
 - Level 1.7 Stealth
 - Level 4.0 Shields
 - Level 10.3 Spellcasting
 + Level 5.0 Conjurations
 - Level 0.8 Transmutations
 - Level 10.4 Fire Magic
 - Level 10.1 Poison Magic


You had 8 spell levels left.
You knew the following spells:

 Your Spells              Type           Power        Failure   Level
a - Sting                 Tmut/Pois      ####         1%          1
b - Poisonous Vapours     Pois/Air       ####..       1%          2
c - Ignite Poison         Fire/Tmut/Pois #####...     1%          3
d - Olgreb's Toxic Radia  Pois           ######..     1%          4
e - Mephitic Cloud        Conj/Pois/Air  ####....     3%          3
f - Fireball              Conj/Fire      #####.....   12%         5
g - Starburst             Conj/Fire      #####.....   54%         6

Your spell library contained the following spells:

 Spells                   Type           Power        Failure   Level
 Spider Form              Tmut/Pois      ####......   3%          3
 Beastly Appendage        Tmut           ##....       7%          1
 Freeze                   Ice            ##..         10%         1
 Sandblast                Erth           ##....       10%         1
 Wereblood                Tmut           ##......     11%         2
 Stone Arrow              Conj/Erth      ###...       11%         3
 Passwall                 Tmut/Erth      ##......     12%         2
 Frozen Ramparts          Ice            ##....       30%         3
 Ozocubu's Armour         Ice            ##......     30%         3
 Bolt of Magma            Conj/Fire/Erth ####......   32%         5
 Hailstorm                Conj/Ice       ###.....     34%         4
 Iskenderun's Battlesphe  Conj           ####....     34%         5
 Ice Form                 Ice/Tmut       ##......     63%         4
 Petrify                  Tmut/Erth      ##......     63%         4
 Summon Ice Beast         Ice/Summ       ##......     69%         4
 Blade Hands              Tmut           ##........   88%         5
 Lee's Rapid Deconstruct  Erth           ##........   95%         5
 Iron Shot                Conj/Erth      ###.......   99%         6
 Orb of Destruction       Conj           ####......   100%        7
 Spellforged Servitor     Conj/Summ      ###.......   100%        7
 Chain Lightning          Conj/Air       ###.......   100%        8
 Ignition                 Fire           ######....   100%        8
 Lehudib's Crystal Spear  Conj/Erth      ###.......   100%        8
 Absolute Zero            Ice            ##........   100%        9
 Fire Storm               Conj/Fire      #####.....   100%        9


Dungeon Overview and Level Annotations

Branches:
Dungeon (14/15)            Temple (0/1) D:7            Lair (5/6) D:11
  Swamp (0/4) Lair:2       Spider (0/4) Lair:2          Orc (0/2) D:10
  Slime: Lair:5-6    Vaults: D:13-14

Altars:
Elyvilon
Gozag
Wu Jian
Yredelemnul

Shops:
D:4 (=   D:6 (*!:   D:7 [   D:10 *[!:!

Annotations:
D:5 2 transporters
D:14 Snorg
Lair:3 1 runed translucent door, MalarOregon's ghost, journeyman DrSu


Innate Abilities, Weirdness & Mutations

You have sharp fingernails.
You regenerate health from kills.
You sometimes gain power by taking damage.
When seriously injured, your bleeding wounds create very thick armour. (AC +12)


Message History

The four-headed hydra is almost dead.
The four-headed hydra bites you but does no damage. x4
You hit the four-headed hydra.
The four-headed hydra is almost dead.
The four-headed hydra closely misses you.
The four-headed hydra bites you but does no damage. x3
You hit the four-headed hydra.
The four-headed hydra is almost dead.
The four-headed hydra bites you.
* * * LOW HITPOINT WARNING * * *
The four-headed hydra closely misses you.
The four-headed hydra bites you!
* * * LOW HITPOINT WARNING * * *
The four-headed hydra barely misses you.
You hit the four-headed hydra but do no damage.
The four-headed hydra is almost dead.
The four-headed hydra bites you but does no damage.
The four-headed hydra bites you!
You die...
Your body crumbles into a pile of gold.

.........### #......##
..####.'## ##....... #
....#...## #........
#..###....#..# ##.......
#..[....#....###........
....#.#.#.#.#.##........
P...P...#.#.....#.......
.)#....#.##..#..........
#......@D...###.........
##.#######.## ###..(....
##.# ##..##.P ## #### ##


You could see a four-headed hydra (corroded).

Vanquished Creatures
  Kirke (D:13)
  Nessos (Lair:5)
  4 hydras
  Harold (D:7)
  2 two-headed ogres
  2 death yaks (Lair:5)
  Pikel (D:6)
  An ugly thing (D:10)
  A cyclops (D:11)
  3 black mambas
  5 cane toads
  A gargoyle (D:10)
  2 komodo dragons
  Maggie (D:7)
  4 rime drakes
  A polar bear (Lair:3)
  2 jumping spiders (Lair:2)
  3 trolls
  A hornet (D:11)
  3 blink frogs (Lair:2)
  2 redbacks (Lair:2)
  3 wyverns
  34 yaks
  3 hogs (D:13)
  4 basilisks
  4 vampire mosquitoes
  Menkaure (D:4)
  2 soldier ants
  17 water moccasins
  2 orc warriors
  A black bear (Lair:2)
  An ogre (D:8)
  2 sky beasts
  2 phantoms
  10 ice beasts
  A centaur (D:8)
  3 big kobolds
  11 bullfrogs
  A wyvern zombie (D:11)
  2 scorpions
  5 wights
  5 howler monkeys
  A centaur zombie (D:10)
  A bullfrog zombie (D:5)
  8 hounds
  12 orc wizards
  5 orc priests
  9 jellies
  A bullfrog skeleton (D:8)
  3 iguanas
  Ijyb (D:4)
  3 hell rats (Lair:3)
  A worker ant (D:7)
  A killer bee zombie (D:9)
  A hound zombie (D:10)
  A hound skeleton (D:5)
  Robin (D:3)
  A howler monkey zombie (D:10)
  A worker ant zombie (D:9)
  16 adders
  6 gnolls
  7 river rats
  2 shadow imps
  A white imp (D:7)
  4 ufetubi
  An ooze (D:1)
  An adder zombie (D:6)
  4 worms
  An adder skeleton (D:4)
  5 leopard geckos
  28 orcs
  3 giant cockroaches
  16 goblins
  14 hobgoblins
  16 jackals
  16 kobolds
  2 quokkas
  7 ball pythons
  4 bats (D:1)
  8 frilled lizards
  A jackal skeleton (D:8)
  13 rats
383 creatures vanquished.

Vanquished Creatures (collateral kills)
  A black mamba (Lair:5)
1 creature vanquished.

Vanquished Creatures (others)
  An ogre (D:7)
  10 fungi
  18 plants
29 creatures vanquished.

Grand Total: 413 creatures vanquished

Notes
Turn   | Place    | Note
-------+----------+-------------------------------------------
     0 | D:1      | night the Demonspawn Venom Mage began the quest for the
                  | Orb.
     0 | D:1      | Reached XP level 1. HP: 13/13 MP: 3/3
   470 | D:1      | Gained mutation: When seriously injured, your bleeding
                  | wounds create armour. (AC +12) [demonic ancestry]
   470 | D:1      | Reached XP level 2. HP: 12/19 MP: 1/5
   687 | D:1      | Learned a level 2 spell: Poisonous Vapours
   982 | D:1      | Found an opulent altar of Gozag.
  1014 | D:1      | Became a worshipper of Gozag Ym Sagoz the Greedy
  1113 | D:1      | Reached XP level 3. HP: 19/24 MP: 4/6
  1782 | D:2      | Gained mutation: When seriously injured, your bleeding
                  | wounds create thick armour. (AC +12) [demonic ancestry]
  1782 | D:2      | Reached XP level 4. HP: 25/30 MP: 1/8
  2629 | D:2      | Learned a level 3 spell: Ignite Poison
  2633 | D:2      | Learned a level 3 spell: Mephitic Cloud
  2761 | D:3      | Noticed Robin
  2774 | D:3      | Killed Robin
  2937 | D:3      | Reached skill level 5 in Poison Magic
  2937 | D:3      | Gained mutation: You sometimes gain a little power by
                  | taking damage. [demonic ancestry]
  2937 | D:3      | Reached XP level 5. HP: 35/35 MP: 6/9
  3845 | D:4      | Noticed Menkaure
  3848 | D:4      | Killed Menkaure
  3848 | D:4      | Gained mutation: You sometimes gain power by taking damage.
                  | [demonic ancestry]
  3848 | D:4      | Reached XP level 6. HP: 34/41 MP: 1/12
  3849 | D:4      | Noticed Ijyb
  3870 | D:4      | Paralysed by Ijyb for 5 turns
  3886 | D:4      | Killed Ijyb
  4390 | D:4      | Found Osouq's Jewellery Boutique.
  4551 | D:4      | Gained mutation: You regenerate a little health from kills.
                  | [demonic ancestry]
  4551 | D:4      | Reached XP level 7. HP: 44/46 MP: 11/14
  4608 | D:4      | Learned a level 4 spell: Olgreb's Toxic Radiance
  4858 | D:4      | Found Voox's Antique Weapon Shop.
  4861 | D:4      | Bought a runed demon blade for 540 gold pieces
  4972 | D:5      | Entered Level 5 of the Dungeon
  5010 | D:4      | Reached skill level 1 in Fighting
  5127 | D:5      | Found a transporter.
  5127 | D:5      | Found a transporter.
  5239 | D:5      | Reached skill level 5 in Spellcasting
  5494 | D:5      | Reached skill level 2 in Fighting
  5714 | D:6      | Found Vukhuiw's Antique Weapon Shoppe.
  5746 | D:6      | Found Noczosox's Distillery.
  5761 | D:6      | Bought a potion of lignification for 45 gold pieces
  5761 | D:6      | Bought a potion of curing for 45 gold pieces
  5761 | D:6      | Bought a potion of heal wounds for 75 gold pieces
  5787 | D:6      | Found Lanad's General Store.
  5857 | D:6      | Noticed Pikel
  5873 | D:6      | Killed Pikel
  5873 | D:6      | Reached XP level 8. HP: 45/60 MP: 9/17
  5991 | D:6      | Found Ziwu's Book Shoppe.
  6531 | D:7      | Noticed a troll
  6536 | D:7      | Killed a troll
  6536 | D:7      | Reached skill level 1 in Fire Magic
  6760 | D:7      | Reached skill level 2 in Fire Magic
  6944 | D:7      | Noticed Harold
  6960 | D:7      | Reached XP level 9. HP: 49/66 MP: 7/18
  6965 | D:7      | Killed Harold
  6965 | D:7      | Reached skill level 5 in Fighting
  7291 | D:7      | Found a white marble altar of Elyvilon.
  7417 | D:7      | Found Narauth's Armour Emporium.
  7487 | D:7      | Noticed Maggie
  7495 | D:7      | Killed Maggie
  7632 | D:7      | Found a staircase to the Ecumenical Temple.
  8070 | D:8      | Noticed a two-headed ogre
  8095 | D:8      | Killed a two-headed ogre
  8095 | D:8      | Gained mutation: You have sharp fingernails. [demonic
                  | ancestry]
  8095 | D:8      | Reached XP level 10. HP: 57/77 MP: 18/21
  8639 | D:8      | Reached skill level 5 in Fire Magic
  9035 | D:9      | Noticed a two-headed ogre
  9047 | D:9      | Killed a two-headed ogre
  9340 | D:9      | Reached skill level 10 in Poison Magic
  9614 | D:6      | Bought a book of Fire for 845 gold pieces
  9620 | D:6      | Learned a level 5 spell: Fireball
 10025 | D:10     | Entered Level 10 of the Dungeon
 10033 | D:10     | Found a staircase to the Orcish Mines.
 10131 | D:10     | Found Wuul's Book Shop.
 10148 | D:10     | Gained mutation: You regenerate health from kills. [demonic
                  | ancestry]
 10148 | D:10     | Reached XP level 11. HP: 86/86 MP: 16/23
 10188 | D:10     | You fall into a shaft and drop 1 floor!
 10248 | D:11     | You fall into a shaft and drop 3 floors!
 10281 | D:14     | Noticed a five-headed hydra
 10314 | D:14     | Noticed Snorg
 10343 | D:13     | Got a polished scale mail
 10363 | D:13     | Identified the cursed +1 scale mail of Dithmenos's Envy
                  | {+Inv} (You found it on level 13 of the Dungeon)
 10422 | D:13     | Noticed Kirke
 10437 | D:13     | Noticed a harpy
 10437 | D:13     | Noticed a harpy
 10439 | D:13     | Killed Kirke
 11122 | D:10     | Found Zozyak's Distillery.
 11342 | D:10     | Found Attuck's Assorted Antiques.
 11370 | D:10     | Found Qurongiz's Antique Armour Shop.
 11377 | D:10     | Bought a runed cloak for 255 gold pieces
 11610 | D:10     | Reached skill level 1 in Conjurations
 11759 | D:10     | Found Nicuenuj's Distillery.
 12106 | D:11     | Noticed a brown ugly thing
 12136 | D:10     | Killed a brown ugly thing
 12332 | D:11     | Reached skill level 2 in Conjurations
 12463 | D:11     | Found a staircase to the Lair.
 12472 | Lair:1   | Entered Level 1 of the Lair of Beasts
 12585 | Lair:1   | Reached skill level 2 in Dodging
 13018 | Lair:1   | Found a basalt altar of Yredelemnul.
 13247 | Lair:1   | Gained mutation: When seriously injured, your bleeding
                  | wounds create very thick armour. (AC +12) [demonic
                  | ancestry]
 13247 | Lair:1   | Reached XP level 12. HP: 95/95 MP: 18/25
 13694 | Lair:1   | Noticed a six-headed hydra
 13905 | Lair:2   | Found a staircase to the Swamp.
 14015 | Lair:1   | Killed a six-headed hydra
 14134 | Lair:2   | Reached skill level 10 in Spellcasting
 14572 | Lair:2   | Found a hole to the Spider Nest.
 14579 | Lair:2   | Reached skill level 1 in Shields
 14764 | Lair:2   | Reached skill level 2 in Shields
 14929 | Lair:2   | Reached skill level 10 in Fire Magic
 15093 | Lair:2   | Noticed a six-headed hydra
 15106 | Lair:2   | Killed a six-headed hydra
 15330 | Lair:2   | Found an ornate altar of the Wu Jian Council.
 15602 | Lair:3   | Noticed an eight-headed hydra
 15624 | Lair:3   | Killed an eight-headed hydra
 16033 | Lair:3   | Learned a level 6 spell: Starburst
 16227 | Lair:3   | Reached skill level 1 in Long Blades
 16263 | Lair:3   | Reached skill level 2 in Long Blades
 16299 | Lair:3   | HP: 14/96 [poisoned by a black mamba]
 16304 | Lair:3   | HP: 11/96 [poisoned by a black mamba]
 16309 | Lair:3   | HP: 9/96 [poisoned by a black mamba]
 16316 | Lair:3   | HP: 8/96 [poisoned by a black mamba]
 16323 | Lair:3   | HP: 8/96 [poisoned by a black mamba]
 16331 | Lair:3   | HP: 8/96 [poisoned by a black mamba]
 16762 | Lair:3   | Noticed a five-headed hydra
 16790 | Lair:2   | Killed a five-headed hydra
 16932 | Lair:3   | Found a runed translucent door.
 16939 | Lair:3   | Noticed MalarOregon's ghost (journeyman DrSu)
 17827 | Lair:4   | Reached XP level 13. HP: 42/101 MP: 22/27
 18260 | Lair:4   | You fall into a shaft and drop 1 floor!
 18393 | Lair:5   | Noticed Nessos
 18407 | Lair:5   | Killed Nessos
 19683 | Lair:4   | Reached skill level 5 in Conjurations
 19810 | Lair:4   | HP: 12/103 [four-headed hydra (9)]
 19811 | Lair:4   | Slain by a four-headed hydra

Illustrated notes

Levels and vault maps discovered:
D:1:      mrwooster_arrival_statue, layout_basic, kennysheep_flooded_box
D:2:      layout_basic
D:3:      layout_rooms, uniq_robin
D:4:      layout_rooms, serial_shops, shop, kennysheep_mini_moat,
          minmay_snake_closets, uniq_ijyb, uniq_menkaure
D:5:      layout_rooms, gammafunk_ghost_gnarly_gnolls
D:6:      layout_loops_ring, gup_sewer_entry_bubbles, serial_shops,
          nicolae_shop_behind_doors, shop, shop, shop, uniq_pikel
D:7:      layout_rooms, nicolae_overflow_hidden_temple,
          lemuel_temple_firewalk_b, serial_shops, nicolae_shop_stone,
          uniq_maggie, uniq_harold
D:8:      layout_rooms, kennysheep_kite_vault
D:9:      layout_irregular_city, serial_rivers, chequers_serial_rivers_room_a,
          chequers_serial_rivers_small_a, chequers_serial_rivers_large_b,
          chequers_serial_rivers_small_a, chequers_serial_rivers_micro_d,
          chequers_serial_rivers_micro_d
D:10:     layout_stronghold, orc_0_dummy, serial_shops, kennysheep_little_box,
          nicolae_shop_stone, nicolae_shop_statue_plus, shop, nicolae_shop_stone
D:11:     layout_big_octagon, lair_entry_dummy
D:12:     layout_rooms, serial_undead, serial_undead_d, serial_undead_b,
          serial_undead_d, serial_undead_d, serial_undead_a, serial_undead_c,
          serial_undead_d, serial_undead_a, serial_undead_d, serial_undead_c,
          kennysheep_generic_room_8, uniq_jorgrun
D:13:     layout_loops_cross, david_vaults_4, serial_shops, shop,
          lemuel_centaur_altar, uniq_kirke
D:14:     layout_roguey [special_room_orc], enter_trove_2,
          ebering_dispersal_statue_hall, uniq_snorg
Lair:1:   layout_big_grid, portal_ice_cave_entry_ice_beasts, basic_altar,
          lemuel_fruit_tree, uniq_erica
Lair:2:   statuecave_lemuel, layout_misc_corridors, minmay_swamp_entry_swarm,
          spider_nest_entry_funnel_web, basic_altar
Lair:3:   layout_regular_city, ebering_ghost_reflecting_pool,
          chequers_serial_rivers_micro_e, kennysheep_abandoned_house
Lair:4:   layout_roguey, infiniplex_staircase_pool_2, grunt_megastairs_3
Lair:5:   layout_layer_cave, dpeg_slime_entry_corner, hibernation_bobbens,
          uniq_nessos

Skill      XL: |  1  2  3  4  5  6  7  8  9 10 11 12 13 |
---------------+----------------------------------------+-----
Poison Magic   | 4 5 6 7 8 9 10 | 10.1
Spellcasting   | 3 4 6 7 8 9 10 | 10.3
Fighting       | 3 4 6 7 9 |  9.9
Fire Magic     | 2 4 6 8 10 | 10.4
Conjurations   | 2 4 5 |  5.0
Dodging        | 2 3 |  3.1
Shields        | 4 |  4.0
Long Blades    | 4 |  4.7
Stealth        | |  1.7
Transmutations | |  0.8

Action                   |  1- 3 |  4- 6 |  7- 9 | 10-12 | 13-15 || total
-------------------------+-------+-------+-------+-------+-------++-------
Melee: Dagger            |    36 |    90 |       |    79 |    29 ||   234
       Unarmed           |     3 |       |       |       |       ||     3
       Spear             |       |     6 |       |       |       ||     6
       Demon blade       |       |       |   163 |   404 |    49 ||   616
       Broad axe         |       |       |       |     5 |       ||     5
Throw: Dart              |       |       |       |     3 |       ||     3
       Boomerang         |       |       |       |       |     2 ||     2
 Cast: Sting             |    34 |    30 |    22 |   159 |    10 ||   255
       Poisonous Vapours |     4 |    43 |    33 |    43 |     8 ||   131
       Ignite Poison     |       |     1 |     5 |    26 |     5 ||    37
       Mephitic Cloud    |       |     1 |     3 |    14 |     3 ||    21
       Olgreb's Toxic Ra |       |       |    16 |    34 |     9 ||    59
       Fireball          |       |       |       |     8 |     2 ||    10
Invok: Potion Petition   |       |       |       |     2 |       ||     2
Evoke: Wand              |       |       |       |     9 |     7 ||    16
  Use: Scroll            |       |     2 |    12 |    12 |     4 ||    30
 Stab: Sleeping          |     1 |     3 |       |     4 |     2 ||    10
       Distracted        |       |       |     1 |     2 |       ||     3
       Confused          |       |       |       |     2 |       ||     2
Armor: Robe              |     1 |    13 |       |       |       ||    14
       Leather armour    |       |    12 |    99 |   432 |    78 ||   621
Dodge: Dodged            |    31 |    66 |   106 |   496 |    75 ||   774
Block: Buckler           |       |       |       |    81 |    33 ||   114
       Rpst.: Demon blade |       |       |    33 |   120 |     5 ||   158

Table legend: (Time is in decaauts)
 A = Elapsed time spent in this place.
 B = Non-inter-level travel time spent in this place.
 C = Inter-level travel time spent in this place.
 D = Time resting spent in this place.
 E = Time spent auto-exploring this place.
 F = Levels seen in this place.
 G = Mean time per level.
                   A        B        C        D        E       F      G
               +--------+--------+--------+--------+--------+-----+--------+
         Total |  20038 |  19345 |    693 |   4568 |  10414 |  19 | 1054.6 |
       Dungeon |  12672 |  12160 |    512 |   2205 |   7052 |  14 |  905.1 |
          Lair |   7366 |   7186 |    180 |   2363 |   3362 |   5 | 1473.2 |
               +--------+--------+--------+--------+--------+-----+--------+

Top non-repeatable levels by time:
  Lair:3: 1951 daAuts
  Lair:2: 1874 daAuts
     D:1: 1549 daAuts
  Lair:5: 1408 daAuts
    D:10: 1390 daAuts
  Lair:1: 1386 daAuts
     D:4: 1267 daAuts
     D:7: 1188 daAuts
     D:8: 1187 daAuts
     D:2: 1142 daAuts
     D:9: 1125 daAuts
     D:3: 1112 daAuts
     D:6: 948 daAuts
  Lair:4: 745 daAuts
    D:11: 707 daAuts
